 Dungeon Crawl Stone Soup version 0.27-a0-1497-gf8f22f7954 (webtiles) character file.

Game seed: 4035707349648254144

1283 Lekart the Ducker (level 8, -3/68 HPs)
             Began as a Purple Draconian Chaos Knight on July 7, 2021.
             Was a Plaything of Xom.
             Slain by a raiju (8 damage)
             ... on level 5 of the Dungeon.
             The game lasted 00:08:51 (5317 turns).

Lekart the Ducker (Purple Draconian Chaos Knight)   Turns: 5317, Time: 00:08:52

Health: -3/68      AC:  7    Str: 19    XL:     8   Next: 29%
Magic:  14/14      EV: 13    Int: 13    God:    Xom [..*...]
Gold:   239        SH:  0    Dex: 12    Spells: 12/14 levels left

rFire    . . .     SeeInvis .   n - +3 triple sword (elec)
rCold    . . .     Faith    .   (shield currently unavailable)
rNeg     . . .     Spirit   .   (armour unavailable)
rPois    .         Reflect  .   (helmet restricted)
rElec    .         Harm     .   l - +0 cloak
rCorr    +         Rampage  .   (no gloves)
Will     +....                  (no boots)
Stlth    +.........             (no amulet)
HPRegen  0.21/turn              j - ring of resist corrosion
MPRegen  0.14/turn              (no ring)

@: no status effects
A: breathe power, AC +6, unfitting armour, cold-blooded, agile 1, high mp 1,
sense surroundings 1, strong 1
a: Breathe Dispelling Energy, Renounce Religion


You were on level 5 of the Dungeon.
You worshipped Xom.
You were a toy of Xom.
You visited 1 branch of the dungeon, and saw 5 of its levels.
You visited the Abyss 1 time.

You collected 239 gold pieces.

Inventory:

Hand Weapons
 a - a +0 falchion of chaos
 f - a +2 dagger of freezing
 n - a +3 triple sword of electrocution (weapon)
 u - a +3 halberd of distortion
Missiles
 v - a curare-tipped dart (quivered)
Armour
 l - a +0 cloak (worn)
Jewellery
 j - a ring of resist corrosion (left hand)
Wands
 e - a wand of iceblast (6)
 k - a wand of polymorph (6)
 m - a wand of charming (13)
Scrolls
 b - 2 scrolls of silence
 c - a scroll of identify
Potions
 d - a potion of heal wounds
 g - a potion of attraction {unknown}
 o - 2 potions of haste {unknown}
 p - a potion of lignification {unknown}


   Skills:
 + Level 5.0 Fighting
 + Level 4.0(4.8) Short Blades
 + Level 4.1(4.9) Long Blades
 + Level 1.5 Throwing
 * Level 5.3 Dodging
 * Level 3.6 Spellcasting
 * Level 3.8 Hexes
 + Level 0.4 Evocations


You had 12 spell levels left.
You knew the following spells:

 Your Spells              Type           Power      Damage    Failure   Level
a - Slow                  Hex            12%        N/A       7%          2

Your spell library contained the following spells:

 Spells                   Type           Power      Damage    Failure   Level
 Confusing Touch          Hex            12%        N/A       14%         3
 Gell's Gravitas          Tloc           1%         N/A       54%         3
 Teleport Other           Tloc           2%         N/A       54%         3
 Olgreb's Toxic Radiance  Pois           2%         N/A       91%         4
 Yara's Violent Unravell  Hex/Tmut       3%         3d4       95%         5
 Dispersal                Tloc           1%         N/A       100%        6
 Ozocubu's Refrigeration  Ice            1%         4d5       100%        7
 Ignition                 Fire           1%         3d3       100%        8


Dungeon Overview and Level Annotations

Branches:
Dungeon (5/15)
 Temple: D:4-7

Altars:
Ashenzari
Dithmenos
Hepliaklqana
Xom

Shops:
D:4 (


Innate Abilities, Weirdness & Mutations

You can breathe bolts of dispelling energy.
Your rich purple scales are hard. (AC +6)
You cannot fit into any form of body armour.
You are cold-blooded and may be slowed by cold attacks.
You are agile. (Dex +2)
You have an increased reservoir of magic. (+10% MP)
You passively map a small area around you.
Your muscles are strong. (Str +2)


Message History

The golden eye blinks at you.
You are confused.
The raiju barely misses you. The raiju bites you but does no damage.
The small abomination hits you but does no damage.
You slice the small abomination!!
Lightning courses through the small abomination!
You destroy the small abomination!
A raiju comes into view.
The raiju bites you!
You emit a cloud of colourful smoke!
The raiju shocks you!
The golden eye blinks!
The raiju completely misses you.
Your Short Blades skill increases to level 4!
You bump into the rock wall.
The substance of the Abyss twists violently, and a gateway leading out appears!
The golden eye blinks!
The raiju bites you but does no damage.
A tentacled starspawn comes into view.
The raiju bursts into living lightning!
The living lightning misses you.
The raiju blinks!
The raiju closely misses you.
You pass through the gate.
Welcome back to the Dungeon!
You feel less confused.
You can't go down here!
You miss the raiju. You tail-slap the raiju.
The raiju is lightly wounded.
The raiju barely misses you.
You miss the raiju.
The raiju is lightly wounded.
The raiju bursts into living lightning!
The living lightning hits you!!
* * * LOW HITPOINT WARNING * * *
The raiju blinks!
The raiju barely misses you.
You miss the raiju.
Your tail-slap misses the raiju.
The raiju is lightly wounded.
The raiju barely misses you. The raiju bites you!
* * * LOW HITPOINT WARNING * * *
The raiju shocks you!
You die...
Xom roars with laughter!

#.....#######.#.#
#####.#.......#.#
#>.........###.#########
#.......................
#.##.#.####.##.####....#
#.##.#.# #.##.#..+....+
#.##.#.# #.##....#....#
#.##.#h####.####..##+##.
#.##.#.@.......#..##.##.
#.##.#######.#.#..##.##.
#.##...........#......'.
#.##########.####.##.##.
#.#...............##.#..
#.#.###....#..######.#..
#.#.# #....##.## #.#.#
#.#.# #....##..# #.#.#
########.#.# #....###.#
#.#..


You could see a raiju.

Vanquished Creatures
  Sigmund (D:4)
  A golden eye (Abyss:2)
  2 small abominations (Abyss:2)
  A water moccasin (D:5)
  An ogre (D:4)
  A scorpion (D:4)
  2 hounds (D:5)
  A gnoll shaman (D:5)
  3 orc priests
  Natasha (D:4)
  Terence (D:3)
  2 iguanas (D:4)
  An orc wizard (D:5)
  2 gnolls (D:5)
  3 adders
  4 dart slugs
  5 orcs
  6 ball pythons
  8 bats
  3 endoplasms
  3 giant cockroaches
  6 goblins
  7 hobgoblins
  2 jackals (D:4)
  7 kobolds
  6 quokkas
  3 frilled lizards
  7 rats
90 creatures vanquished.

Vanquished Creatures (collateral kills)
  A water moccasin zombie (D:5)
  3 gnolls (D:5)
  A worm (D:3)
5 creatures vanquished.

Vanquished Creatures (others)
  An adder (D:4)
  3 orcs (D:4)
4 creatures vanquished.

Grand Total: 99 creatures vanquished

Notes
Turn   | Place    | Note
-------+----------+-------------------------------------------
     0 | D:1      | Lekart the Draconian Chaos Knight began the quest for the
                  | Orb.
     0 | D:1      | Reached XP level 1. HP: 19/19 MP: 1/1
     7 | D:1      | XOM: divination: magic mapping
    72 | D:1      | XOM: 1-stop teleportation journey
   299 | D:1      | XOM: fog
   415 | D:1      | XOM: fog
   419 | D:1      | Reached XP level 2. HP: 19/26 MP: 2/2
   658 | D:1      | XOM: 1-stop teleportation journey
   970 | D:1      | XOM: god gift: smoky coppery potion {god gift}
  1110 | D:1      | Reached XP level 3. HP: 29/33 MP: 3/3
  1110 | D:1      | XOM: smoke on damage
  1251 | D:1      | Found a faded altar of an unknown god.
  1345 | D:1      | Learned a level 2 spell: Slow
  1642 | D:2      | XOM: scenery: create altars
  1722 | D:2      | XOM: god gift: runed iron wand {god gift}
  1901 | D:2      | Reached XP level 4. HP: 32/40 MP: 4/4
  1959 | D:2      | XOM: scenery: create altars
  2326 | D:3      | Noticed Terence
  2340 | D:3      | Killed Terence
  2394 | D:3      | XOM: cloud trail
  2484 | D:3      | XOM: cloud trail
  2492 | D:3      | XOM: give mutations
  2492 | D:3      | Gained mutation: Your muscles are strong. (Str +2) [Xom's
                  | grace]
  2492 | D:3      | Gained mutation: You are agile. (Dex +2) [Xom's grace]
  2492 | D:3      | Gained mutation: You have an increased reservoir of magic.
                  | (+10% MP) [Xom's grace]
  2492 | D:3      | Gained mutation: You passively map a small area around you.
                  | [Xom's grace]
  2507 | D:3      | XOM: summons 3 friendly demons
  2795 | D:3      | Reached skill level 1 in Short Blades
  2795 | D:3      | Reached skill level 1 in Spellcasting
  2795 | D:3      | Reached skill level 1 in Hexes
  2795 | D:3      | Reached XP level 5. HP: 46/46 MP: 5/7
  3037 | D:3      | XOM: god gift: 14 arrows
  3148 | D:3      | Found a broken altar of Ashenzari.
  3178 | D:4      | Noticed Sigmund
  3178 | D:4      | XOM: potion effect (curing)
  3182 | D:4      | Killed Sigmund
  3183 | D:4      | Reached XP level 6. HP: 45/53 MP: 7/9
  3249 | D:4      | XOM: scenery: 1 doors open, 3 doors close
  3389 | D:4      | XOM: divine lightning
  3609 | D:4      | Found a hazy altar of Hepliaklqana.
  3615 | D:4      | XOM is BORED!
  3687 | D:4      | Found Agous's Antique Weapon Shoppe.
  3699 | D:4      | Found a shadowy altar of Dithmenos.
  3827 | D:4      | Your scales start taking on a rich purple colour.
  3827 | D:4      | Reached XP level 7. HP: 60/60 MP: 10/12
  3874 | D:4      | Noticed Natasha
  3877 | D:4      | Killed Natasha
  4045 | D:5      | Entered Level 5 of the Dungeon
  4224 | D:5      | XOM: silly message
  4579 | D:5      | XOM: 1-stop teleportation journey
  4595 | D:5      | Reached skill level 1 in Throwing
  5143 | D:5      | Identified a scroll of acquirement
  5143 | D:5      | Acquired a +3 triple sword of electrocution
  5145 | D:5      | Cast into level 2 of the Abyss (unwielding a weapon of
                  | distortion)
  5176 | Abyss:2  | Noticed a hellwing
  5240 | Abyss:2  | Noticed a small abomination
  5247 | Abyss:2  | Killed a small abomination
  5248 | Abyss:2  | Reached skill level 5 in Dodging
  5248 | Abyss:2  | Reached XP level 8. HP: 67/67 MP: 12/14
  5283 | Abyss:2  | Noticed a raiju
  5286 | Abyss:2  | Noticed a raiju
  5289 | Abyss:2  | Reached skill level 5 in Fighting
  5308 | Abyss:2  | Noticed a raiju
  5309 | Abyss:2  | Noticed a raiju
  5311 | Abyss:2  | Noticed a raiju
  5311 | Abyss:2  | XOM: smoke on damage
  5312 | Abyss:2  | Noticed a tentacled starspawn
  5313 | Abyss:2  | Noticed a raiju
  5314 | D:5      | Escaped the Abyss
  5317 | D:5      | Slain by a raiju

Illustrated notes

Levels and vault maps discovered:
D:1:      lightli_arrival_windingriver, layout_loops_ring,
          dilly_ecumenical_altar_fadedgnrine, st_stairs_12,
          palyth_stone_intersect
D:2:      layout_loops_ring
D:3:      layout_basic, nicolae_ashenzari_panopticon, columned_hall_lemuel,
          grunt_ministairs_5, uniq_terence
D:4:      layout_gridville, nzn_hepliaklqana_mist_gate,
          mainiacjoe_overflow_cross_hatched, serial_shops, kennysheep_mini_moat,
          kennysheep_generic_room_6, uniq_natasha, uniq_sigmund
D:5:      layout_basic

Skill      XL: |  1  2  3  4  5  6  7  8 |
---------------+-------------------------+-----
Fighting       | 4 5 |  5.0
Short Blades   | 1 2 3 4 |  4.0
Spellcasting   | 1 2 3 |  3.6
Hexes          | 1 2 3 |  3.8
Long Blades    | 4 |  4.1
Dodging        | 3 4 5 |  5.3
Throwing       | 1 |  1.5
Evocations     | |  0.4

Action                   |  1- 3 |  4- 6 |  7- 9 || total
-------------------------+-------+-------+-------++-------
Melee: Falchion          |    31 |       |       ||    31
       Tailslap          |    13 |    11 |     7 ||    31
       Dagger            |    78 |   108 |    32 ||   218
       Halberd           |       |       |     6 ||     6
       Triple sword      |       |       |    11 ||    11
Throw: Dart              |       |     9 |     6 ||    15
 Cast: Slow              |       |     2 |       ||     2
 Abil: Breathe Dispellin |       |       |     1 ||     1
Evoke: Wand              |       |       |     2 ||     2
  Use: Scroll            |     5 |     2 |     7 ||    14
       Potion            |     1 |       |     2 ||     3
 Stab: Sleeping          |     2 |       |       ||     2
Armor: Skin              |    38 |    42 |    10 ||    90
Dodge: Dodged            |    81 |    64 |    35 ||   180
       Rpst.: Falchion   |    12 |       |       ||    12
       Triple sword      |       |       |     1 ||     1

Table legend: (Time is in decaauts)
 A = Elapsed time spent in this place.
 B = Non-inter-level travel time spent in this place.
 C = Inter-level travel time spent in this place.
 D = Time resting spent in this place.
 E = Time spent auto-exploring this place.
 F = Levels seen in this place.
 G = Mean time per level.
                   A        B        C        D        E       F      G
               +--------+--------+--------+--------+--------+-----+--------+
         Total |   5303 |   5214 |     89 |    331 |   4137 |   6 |  883.8 |
       Dungeon |   5130 |   5041 |     89 |    245 |   4137 |   5 | 1026.0 |
         Abyss |    173 |    173 |      0 |     86 |      0 |   1 |  173.0 |
               +--------+--------+--------+--------+--------+-----+--------+

Top non-repeatable levels by time:
     D:1: 1345 daAuts
     D:5: 1100 daAuts
     D:3: 917 daAuts
     D:2: 910 daAuts
     D:4: 856 daAuts
 Abyss:2: 173 daAuts
